 Dungeon Crawl Stone Soup version 0.31-a0-654-gbe3e110b4e (webtiles) character file.

Game seed: 8312606825658854292

210 bmack86 the Chopper (level 5, -12/45 HPs)
             Began as a Minotaur Fighter on Aug 29, 2023.
             Engulfed by a cloud of flame (17 damage)
             ... on level 2 of the Dungeon.
             The game lasted 00:04:12 (1776 turns).

bmack86 the Chopper (Minotaur Fighter)              Turns: 1776, Time: 00:04:12

Health: -12/45     AC:  9    Str: 29    XL:     5   Next: 57%
Magic:  4/4        EV:  8    Int:  5    God:
Gold:   49         SH:  5    Dex: 15    Spells: 4/4 levels left

rFire   . . .        a - +0 war axe
rCold   . . .        c - +0 buckler
rNeg    . . .        e - +0 chain mail
rPois   .            (helmet restricted)
rElec   .            (no cloak)
rCorr   .            (no gloves)
SInv    .            (no boots)
Will    .....        (no amulet) Stlth
                     i - +6 ring of dexterity
HPRegen 0.27/turn    m - +6 ring of strength
MPRegen 0.09/turn

%: no passive effects
@: no status effects
A: horns 2, retaliatory headbutt
a: no special abilities


You were on level 2 of the Dungeon.
You visited 1 branch of the dungeon, and saw 2 of its levels.

You collected 49 gold pieces.

Inventory:

Hand Weapons
 a - a +0 war axe (weapon)
Armour
 b - a +0 scale mail
 c - a +0 buckler (worn)
 e - a +0 chain mail (worn)
Jewellery
 i - a +6 ring of dexterity (left hand)
 m - a +6 ring of strength (right hand)
Scrolls
 g - 2 scrolls of identify {unknown}
 l - a scroll of vulnerability {unknown}
Potions
 d - 2 potions of might
 f - a potion of invisibility {unknown}
 h - a potion of lignification {unknown}
 j - a potion of attraction {unknown}
 k - a potion of enlightenment {unknown}
 n - a potion of brilliance {unknown}


   Skills:
 - Level 3.6 Fighting
 + Level 6.2 Axes
 - Level 3.6 Armour
 - Level 5.0 Shields


You had 4 spell levels left.
You didn't know any spells.
Your spell library contained the following spells:

 Spells                   Type           Power      Damage    Failure   Level
 Portal Projectile        Hex/Tloc       0%         N/A       100%        3
 Tukima's Dance           Hex            0%         N/A       100%        3
 Iskenderun's Mystic Bla  Conj/Tloc      0%         2d3       100%        4


Dungeon Overview and Level Annotations

Branches:
Dungeon (2/15)

Altars:


Innate Abilities, Weirdness & Mutations

You have a pair of horns on your head.
You reflexively headbutt those who attack you in melee.


Message History

A worm comes into view.
A ball python comes into view.
The ball python hisses angrily.
The ball python bites you. The ball python grabs you.
The ball python constricts you.
You barely miss the worm. You headbutt the worm!
The worm is severely wounded.
You closely miss the ball python.
The ball python bites you but does no damage.
The ball python constricts you. The worm barely misses you.
You barely miss the worm.
The worm is severely wounded.
You hit the ball python.
You kill the ball python!
The worm bites you but does no damage.
You barely miss the worm.
The worm is severely wounded.
The worm bites you.
You hit the worm.
The worm is severely wounded.
You hit the worm but do no damage.
The worm is severely wounded.
The worm bites you but does no damage.
You slash the worm! You headbutt the worm.
You kill the worm!
Found a murky pink potion, 18 gold pieces and a lumpy yellow potion.
A rat comes into view.
Found a gilded ring.
You hit the rat.
You kill the rat!
You see here a rat corpse.
You see here a rat corpse.
Okay, then.
You see here a rat corpse.
Okay, then.
You are engulfed in blazing flames.
You are engulfed in blazing flames.
* * * LOW HITPOINT WARNING * * *
You are engulfed in blazing flames.
You die...

#######.###.##..##.#
###.# #.# ####...###
#.#.# #.# #○§.# #.#.#
#.# #.§§# #.#.# #.#
#.☼○# #.#.#
#.######...#####.#.#
#...§○§.[...§.☼..#.####
#..†§§§.=$...§§..#.#...
#.#.☼§@..!$.§!○..#.#.##
#.######...#####.#.#.#
#.# °○# #.....# #.# §#
#.#.#### #.. # ###.....
#.# ###### #.#


There were no monsters in sight!

Vanquished Creatures
  Sigmund (D:2)
  A worm (D:2)
  2 dart slugs (D:1)
  9 ball pythons
  4 endoplasms (D:1)
  4 giant cockroaches (D:1)
  4 hobgoblins
  6 kobolds
  2 quokkas (D:2)
  5 bats
  3 frilled lizards
  5 goblins
  4 rats
50 creatures vanquished.

Notes
Turn   | Place    | Note
-------+----------+-------------------------------------------
     0 | D:1      | bmack86 the Minotaur Fighter began the quest for the Orb.
     0 | D:1      | Reached XP level 1. HP: 19/19 MP: 0/0
   165 | D:1      | Reached XP level 2. HP: 26/26 MP: 1/1
   259 | D:1      | Reached skill level 3 in Axes
   443 | D:1      | Reached XP level 3. HP: 31/31 MP: 2/2
   462 | D:1      | Found a faded altar of an unknown god.
   982 | D:2      | Reached skill level 5 in Shields
  1137 | D:2      | Noticed Sigmund
  1146 | D:2      | Killed Sigmund
  1147 | D:2      | Reached skill level 6 in Axes
  1147 | D:2      | Reached XP level 4. HP: 6/39 MP: 3/3
  1147 | D:2      | Reached XP level 5. HP: 7/45 MP: 4/4
  1776 | D:2      | Engulfed by a cloud of flame

Illustrated notes

Levels and vault maps discovered:
D:1:      lordsloth_arrival_two_stooges, layout_basic,
          nicolae_ecumenical_snake_handling, minmay_misc_feat_pillars,
          fountainhead, minmay_misc_feat_alley, chequers_serial_rivers_micro_a,
          st_stairs_2
D:2:      layout_basic, grunt_decor_junction, lemuel_flame_loot_1, uniq_sigmund

Skill      XL: |  1  2  3 |
---------------+----------+-----
Shields        | 4 5 |  5.0
Axes           | 3 6 |  6.2
Fighting       | |  3.6
Armour         | |  3.6

Action                     |  1- 3 |  4- 6 || total
---------------------------+-------+-------++-------
  Melee: War axe           |    93 |    16 ||   109
         Headbutt          |    13 |     2 ||    15
    Use: Potion            |     1 |       ||     1
 Armour: Scale mail        |    11 |       ||    11
         Chain mail        |    44 |     6 ||    50
  Dodge: Dodged            |    37 |     2 ||    39
  Block: Buckler           |    25 |     5 ||    30

Table legend: (Time is in decaauts)
 A = Elapsed time spent in this place.
 B = Non-inter-level travel time spent in this place.
 C = Inter-level travel time spent in this place.
 D = Time resting spent in this place.
 E = Time spent auto-exploring this place.
 F = Levels seen in this place.
 G = Mean time per level.
                   A        B        C        D        E       F      G
               +--------+--------+--------+--------+--------+-----+--------+
         Total |   1817 |   1805 |     12 |      0 |   1275 |   2 |  908.5 |
       Dungeon |   1817 |   1805 |     12 |      0 |   1275 |   2 |  908.5 |
               +--------+--------+--------+--------+--------+-----+--------+

Top non-repeatable levels by time:
     D:2: 1032 daAuts
     D:1: 784 daAuts
